Map: Lost and Found LE

Players

Reynor - Winner!

  • Race: Zerg Zerg
  • League: Master
  • Spawn Location: 7:00

Kelazhur

  • Race: Terran Terran
  • League: Master
  • Spawn Location: 1:00

Event: HomeStory Cup XVIII

VOD

Have the link to the VOD?

Description

Time

  • Played on: Nov. 22, 2018, 2:39 p.m.
  • Length: 14:45

All games in this series

Show
View Real Time Build Order
Export as new Build Order

Reynor Zerg - Winner!

Build Orders: Hatch First, Muta Ling Bane 

Get SALT Encoding   

  12  0:00  Drone  
  13  0:12  Overlord  
  13  0:16  Drone  
  14  0:30  Drone x2  
  16  0:47  Hatchery  
  15  0:51  Drone  
  15  0:54  Drone  
  17  0:58  Drone  
  18  1:07  Extractor  
  17  1:13  Spawning Pool  
  17  1:17  Drone  
  17  1:20  Drone  
  18  1:28  Drone  
  19  1:38  Drone  
  20  1:49  Drone  
  21  2:01  Queen x2  
  21  2:02  Zergling x4  
  27  2:17  Hatchery  
  27  2:22  Overlord  
  26  2:29  Drone x2  
  28  2:34  Metabolic Boost  
  28  2:41  Drone x3  
  31  2:48  Queen  
  33  2:53  Overlord  
  33  2:56  Drone  
  34  2:59  Drone  
  34  3:01  Drone  
  36  3:11  Drone  
  36  3:12  Drone x2  
  39  3:14  Queen  
  39  3:16  Overlord  
  41  3:22  Drone  
  41  3:23  Drone x2  
  44  3:28  Queen  
  44  3:32  Zergling x2  
  44  3:33  Zergling x2  
  48  3:34  Drone  
  48  3:38  Overlord  
  49  3:42  Zergling x2  
  49  3:44  Drone x2  
  49  3:46  Drone x2  
  49  3:48  Drone  
  55  3:52  Spore Crawler  
  55  3:55  Drone x2  
  54  4:02  Zergling x8  
  59  4:05  Queen  
  59  4:09  Zergling x6  
  64  4:11  Drone  
  64  4:12  Drone  
  64  4:16  Overlord  
  65  4:20  Overlord  
  65  4:24  Spore Crawler  
  65  4:25  Drone, Spore Crawler  
  65  4:26  Drone  
  65  4:27  Drone  
  65  4:31  Drone  
  65  4:34  Overlord  
  65  4:38  Drone, Baneling Nest  
  66  4:43  Drone x3  
  66  4:44  Drone, Spore Crawler  
  66  4:45  Extractor  
  67  4:50  Zergling x10  
  69  4:54  Spore Crawler  
  69  4:59  Zergling x4  
  70  5:01  Drone  
  70  5:03  Lair  
  70  5:06  Drone  
  72  5:08  Drone  
  72  5:12  Zergling x2  
  72  5:14  Drone x3  
  77  5:15  Drone x3  
  77  5:17  Zergling x2  
  77  5:20  Drone  
  82  5:22  Baneling x4  
  82  5:23  Baneling  
  82  5:24  Overlord  
  82  5:28  Overlord  
  82  5:31  Overlord  
  82  5:32  Drone  
  82  5:35  Overlord  
  80  5:43  Drone x6  
  80  5:49  Evolution Chamber  
  81  5:50  Drone x2, Evolution Chamber  
  81  5:51  Drone x2  
  81  5:52  Drone  
  81  5:55  Drone x3  
  86  5:59  Extractor  
  86  6:00  Extractor  
  86  6:01  Zergling x2  
  86  6:03  Zergling x2  
  86  6:06  Zergling x4  
  86  6:07  Centrifical Hooks  
  86  6:10  Extractor  
  87  6:12  Hatchery  
  87  6:13  Drone  
  87  6:14  Drone x2  
  87  6:17  Zergling x4  
  91  6:22  Overlord  
  91  6:24  Zergling x12  
  97  6:26  Zerg Ground Armor Level 1  
  97  6:27  Drone  
  97  6:31  Drone x2  
  100  6:34  Zerg Melee Weapons Level 1  
  100  6:36  Extractor  
  100  6:39  Zergling x2  
  100  6:41  Drone  
  100  6:42  Drone x3  
  100  6:44  Zergling x2  
  105  6:51  Zergling x8  
  108  6:56  Zergling x2  
  108  6:57  Zergling x2  
  108  6:59  Spire  
  108  7:00  Zergling x6  
  110  7:06  Zergling x6  
  111  7:08  Drone x2  
  111  7:13  Overlord  
  111  7:14  Zergling x2  
  113  7:20  Zergling x2, Baneling x3  
  113  7:21  Zergling x4  
  116  7:26  Zergling x10  
  116  7:27  Drone x2  
  116  7:28  Drone  
  116  7:41  Drone x7  
  119  7:47  Zergling x6  
  122  7:52  Hatchery  
  122  7:56  Overlord  
  121  8:04  Zergling x8  
  125  8:06  Queen  
  125  8:10  Zergling x6  
  128  8:14  Overlord  
  128  8:18  Hatchery  
  126  8:21  Mutalisk x8  
  126  8:24  Zergling x4  
  126  8:25  Zergling x2  
  126  8:27  Zergling x2  
  144  8:28  Overlord  
  144  8:29  Zergling x2  
  144  8:32  Mutalisk  
  144  8:34  Zerg Ground Armor Level 2  
  144  8:35  Zerg Melee Weapons Level 2  
  144  8:36  Overlord  
  144  8:38  Zergling x2  
  145  8:41  Zergling x2  
  145  8:43  Zerg Flyer Weapons Level 1  
  145  8:44  Zergling x4  
  145  8:45  Zergling x6  
  145  8:46  Zergling x2  
  145  8:47  Zergling x4  
  145  8:48  Baneling x9  
  154  8:53  Zergling x4  
  154  8:54  Zergling x6  
  152  8:57  Baneling  
  152  8:58  Baneling x5  
  152  9:00  Zergling x4  
  153  9:03  Mutalisk  
  153  9:04  Zergling x2  
  153  9:06  Zergling x2  
  157  9:10  Zergling x2  
  157  9:11  Queen, Zergling x2  
  157  9:14  Infestation Pit  
  157  9:15  Zergling x10  
  157  9:16  Zergling x8  
  169  9:19  Overlord  
  169  9:21  Baneling x8  
  169  9:30  Zergling x4  
  169  9:31  Overlord, Zergling x6  
  174  9:35  Baneling x9  
  172  9:41  Mutalisk  
  172  9:43  Drone x7  
  180  9:45  Extractor  
  180  9:46  Extractor, Zergling x2  
  180  9:47  Zergling x18  
  180  9:48  Overlord  
  180  9:51  Mutalisk  
  184  9:53  Zergling x8  
  184  9:54  Queen  
  184  9:56  Zergling x6  
  176  10:02  Drone x2  
  176  10:03  Drone  
  176  10:05  Mutalisk  
  180  10:07  Mutalisk x2  
  184  10:15  Zergling x4  
  184  10:16  Zergling x4  
  183  10:24  Mutalisk x3  
  183  10:27  Zergling x14  
  194  10:37  Hive  
  194  10:40  Zergling x2  
  194  10:41  Zergling x8  
  199  10:42  Baneling  
  199  10:43  Baneling x6  
  199  10:53  Zerg Flyer Weapons Level 2  
  188  11:05  Zergling x30  
  188  11:10  Hatchery  
  198  11:24  Baneling x12  
  198  11:36  Zergling x12  
  189  11:41  Zergling x14  
  189  11:42  Zergling x22  
  199  11:52  Zergling x8  
  198  11:54  Zergling x6  
  198  11:55  Zergling x4  
  198  11:56  Zergling x4  
  198  11:57  Zergling x2  
  198  12:00  Zergling x4  
  198  12:01  Zergling x6  
  198  12:02  Zergling x4  
  198  12:07  Zergling x4  
  198  12:08  Baneling x7  
  199  12:12  Zergling x10  
  199  12:14  Zergling x4  
  184  12:17  Zergling x2  
  184  12:20  Mutalisk x2  
  184  12:21  Zergling x2  
  153  12:27  Zergling x4  
  153  12:28  Zergling x2  
  150  12:31  Zergling x6  
  150  12:35  Mutalisk x2, Ultralisk Cavern  
  150  12:40  Drone, Zergling x2  
  152  12:44  Zergling x8  
  152  12:45  Zergling x8  
  152  12:50  Zergling x6  
  163  12:56  Baneling x10  
  163  12:57  Zergling x2  
  163  12:58  Zergling x14  
  170  13:00  Zergling x2  
  170  13:02  Zergling x6  
  170  13:03  Zergling x6  
  171  13:06  Zergling x2  
  171  13:09  Zergling x4  
  170  13:19  Drone x6  
  173  13:28  Ultralisk x4  
  173  13:33  Zergling x6  
  173  13:34  Zergling x20  
  196  13:36  Corruptor  
  198  13:44  Baneling x5  
  198  13:45  Baneling x3  
  189  14:00  Ultralisk  
  189  14:01  Ultralisk x2  
  189  14:02  Zergling x2  
  193  14:03  Zergling x14  
  200  14:25  Baneling  
  200  14:26  Baneling x25  
Show
View Real Time Build Order
Export as new Build Order

Kelazhur Terran 

Build Orders: Command Center First (CC), Hellion Banshee 

Get SALT Encoding   

  12  0:00  SCV  
  13  0:13  SCV  
  14  0:17  Supply Depot  
  14  0:25  SCV  
  15  0:38  SCV  
  16  0:50  SCV  
  17  0:58  Command Center  
  17  1:02  SCV  
  18  1:12  Barracks  
  18  1:15  SCV  
  19  1:20  Refinery  
  19  1:27  SCV  
  19  1:28  Refinery  
  20  1:39  SCV  
  21  1:51  SCV  
  22  1:59  Reaper  
  23  2:03  Orbital Command  
  23  2:11  Orbital Command  
  23  2:16  Factory  
  23  2:29  SCV  
  24  2:31  Barracks Reactor  
  24  2:38  SCV  
  24  2:41  SCV  
  26  2:50  SCV  
  27  2:53  SCV  
  28  3:01  Supply Depot  
  28  3:02  SCV  
  28  3:04  Starport  
  28  3:05  SCV  
  30  3:09  Hellion  
  30  3:10  Hellion  
  34  3:14  SCV  
  34  3:17  SCV  
  34  3:19  Barracks Tech Lab  
  36  3:27  SCV  
  37  3:29  SCV  
  37  3:31  Supply Depot, Hellion x2  
  42  3:35  Command Center  
  42  3:41  SCV x2  
  44  3:53  SCV  
  44  3:56  Hellion  
  44  3:57  Cloaking Field, Viking, Hellion  
  44  4:00  SCV  
  51  4:03  Supply Depot  
  51  4:05  SCV  
  52  4:12  SCV  
  52  4:14  Armory  
  53  4:21  SCV  
  54  4:25  Hellion x2, SCV  
  54  4:27  Banshee  
  62  4:41  Supply Depot, SCV  
  62  4:43  Barracks Tech Lab  
  62  4:45  Engineering Bay x2, SCV  
  64  4:48  Orbital Command  
  64  4:52  Refinery  
  64  4:57  Barracks  
  64  4:58  Barracks, SCV x2  
  66  5:01  Factory Reactor, Marine  
  66  5:03  Stimpack  
  67  5:07  Refinery  
  67  5:10  SCV  
  71  5:15  Terran Infantry Armor Level 1, Orbital Command  
  71  5:18  Terran Infantry Weapons Level 1  
  71  5:19  SCV  
  70  5:21  Marine  
  70  5:23  Starport Reactor  
  70  5:25  SCV  
  71  5:31  SCV  
  72  5:36  Supply Depot  
  72  5:37  SCV  
  73  5:43  SCV  
  73  5:45  Marine x2  
  73  5:46  Marine  
  73  5:48  SCV  
  73  5:49  SCV  
  77  5:55  SCV  
  78  5:57  Siege Tank  
  78  6:00  Barracks, SCV  
  78  6:01  Supply Depot x2, SCV, Barracks  
  78  6:02  Supply Depot, Marine x2  
  85  6:07  Medivac x2, SCV  
  90  6:12  SCV  
  90  6:13  SCV  
  92  6:19  Supply Depot x2  
  92  6:23  Marine x2  
  92  6:24  Marine x2  
  92  6:25  SCV x2  
  95  6:26  Marauder  
  95  6:30  Armory  
  95  6:31  SCV  
  98  6:35  Refinery  
  98  6:37  Siege Tank, SCV x2  
  105  6:40  Medivac  
  105  6:41  Marine, Medivac  
  105  6:42  Supply Depot  
  105  6:43  SCV  
  105  6:44  Marine  
  105  6:45  Marine  
  111  6:49  Marine, SCV  
  113  6:55  Marine  
  113  6:56  Supply Depot, SCV  
  113  6:57  Barracks Reactor x2  
  113  6:59  Marine  
  116  7:02  Marine  
  116  7:04  Marine  
  116  7:07  Marine  
  119  7:11  Siege Tank  
  119  7:13  Marine  
  123  7:16  Combat Shield  
  123  7:17  Marine  
  123  7:18  Barracks x2  
  123  7:20  Barracks  
  124  7:24  Marine  
  124  7:26  Marine  
  126  7:31  Marine  
  126  7:34  Medivac  
  126  7:36  Terran Infantry Weapons Level 2  
  117  7:39  Marine  
  117  7:41  Marine  
  117  7:42  Marine x5  
  118  7:44  Marine  
  118  7:45  SCV x2  
  118  7:46  SCV  
  118  7:48  Marine  
  121  7:51  Terran Infantry Armor Level 2  
  121  8:02  Supply Depot  
  121  8:04  Supply Depot  
  121  8:06  Marine x3, Siege Tank  
  121  8:07  Marauder, Barracks Tech Lab  
  121  8:08  Barracks Tech Lab  
  129  8:21  Barracks Reactor  
  129  8:22  Marine x2, Command Center  
  131  8:28  Marauder  
  131  8:33  Marine x5, Marauder x2  
  142  8:38  Medivac x2  
  146  8:42  Supply Depot  
  146  8:43  Siege Tank  
  146  8:46  Marine  
  146  8:48  Marine x2  
  150  8:49  Marauder  
  154  8:59  Missile Turret  
  154  9:01  Missile Turret  
  154  9:05  Missile Turret  
  154  9:07  Marine x7  
  162  9:10  Marauder  
  162  9:11  Factory  
  162  9:12  Terran Vehicle And Ship Armor Level 1  
  162  9:15  Supply Depot  
  162  9:20  Thor  
  168  9:29  Marine  
  168  9:30  Marauder  
  167  9:31  Marine  
  167  9:33  Factory  
  168  9:45  Missile Turret  
  168  9:46  Marauder, Marine  
  168  9:49  Missile Turret  
  168  9:51  Marine  
  172  9:54  Marine  
  172  9:58  Marine  
  172  9:59  Marauder  
  168  10:01  Terran Infantry Weapons Level 3  
  168  10:03  Thor  
  168  10:04  Marine  
  168  10:05  Marine x5  
  180  10:13  Marine  
  180  10:16  Marine  
  181  10:23  Planetary Fortress  
  181  10:25  Marine, Marauder  
  181  10:27  SCV  
  184  10:29  Marine x4  
  184  10:30  Supply Depot x2  
  184  10:34  Supply Depot  
  188  10:41  Factory Reactor, Drilling Claws  
  188  10:51  Marine x2  
  188  10:52  Marine  
  188  10:53  Thor  
  193  11:07  Marine  
  193  11:08  Marauder  
  193  11:10  Command Center  
  196  11:13  Sensor Tower  
  196  11:19  Marine x5  
  196  11:23  Missile Turret  
  196  11:28  Missile Turret x2, Medivac x2  
  200  11:34  Marine  
  192  11:43  Marine x2  
  192  11:44  Marine  
  192  11:45  Marine x4  
  192  11:46  Marine  
  180  11:54  Marine  
  180  11:57  Marine  
  180  11:58  Marine, Medivac x2  
  180  11:59  Marine  
  173  12:04  Marine  
  172  12:08  Marine  
  166  12:18  Marine x2  
  113  12:23  Marine  
  102  12:34  Marine x10  
  102  12:36  Marine x2  
  110  12:37  Widow Mine x2, Thor  
  110  12:41  Marine  
  117  12:52  Marine x3  
  117  12:53  Marine  
  117  12:55  Marauder, Marine  
  117  12:56  Marine x2  
  117  12:57  Command Center  
  125  13:09  Marine  
  125  13:10  Marauder  
  128  13:13  Command Center  
  128  13:15  Marauder  
  128  13:19  Supply Depot, Widow Mine x2  
  134  13:23  Marine  
  134  13:24  Marine, Marauder  
  132  13:37  Marauder  
  132  13:40  Supply Depot  
  133  13:43  Marine  
  133  13:48  Medivac  
  132  13:49  Widow Mine, Marine x3  
  132  13:50  Marine x8  
  145  13:58  Marine  
  145  14:01  Marine  
  147  14:08  Marauder, Marine x4  
  153  14:17  Missile Turret  
  151  14:24  Marine x7  
  151  14:26  Marine x2  
Tags
 
Add a new tag
Caveats
  • Supply blocks, unpowered buildings, or Contaminate may cause inaccurate times.
  • Supply counts are checked every 10 seconds.